 Dungeon Crawl Stone Soup version 0.32-a0-391-gce5c0aab1b (webtiles) character file.

Game seed: 7450845765098746918

93 ytrimaz the Slasher (level 4, 0/33 HPs)
             Began as a Coglin Gladiator on Feb 19, 2024.
             Incinerated by a bombardier beetle (6 damage)
             ... with a burning spray
             ... on level 3 of the Dungeon.
             The game lasted 00:01:38 (1398 turns).

ytrimaz the Slasher (Coglin Gladiator)              Turns: 1398, Time: 00:01:38

Health: 0/33       AC: 12    Str: 14    XL:     4   Next: 61%
Magic:  4/4        EV:  4    Int:  7    God:
Gold:   104        SH:  0    Dex: 18    Spells: 3/3 levels left

rFire   . . .        a - +0 long sword {Yejun}
rCold   . . .        (no shield)
rNeg    . . .        m - +0 plate armour
rPois   .            c - +1 helmet
rElec   .            (no cloak)
rCorr   .            (no gloves)
SInv    .            (no boots)
Will    .....        (no amulet) Stlth
                     (no ring)
HPRegen 0.25/turn    (no ring)
MPRegen 0.09/turn

%: no passive effects
@: on fire, glowing, revved, stiff-legged, very slow
A: off-hand wielding, slow wielding, warmup strikes, warmup strides
a: no special abilities


You were on level 3 of the Dungeon.
You visited 1 branch of the dungeon, and saw 3 of its levels.

You collected 104 gold pieces.


Innate Abilities, Weirdness & Mutations

You can wield a second weapon in your off-hand.
It takes a long time for you to wield or remove held weapons.
Your first few attacks do less damage.
Your first movements take longer.


   Skills:
 - Level 2.0 Fighting
 + Level 5.0 Long Blades
 - Level 1.7 Throwing
 + Level 3.0 Dodging


You had 3 spell levels left.
You didn't know any spells.
Your spell library contained the following spells:

 Spells                   Type           Power      Damage    Failure   Level
 Call Canine Familiar     Summ           0%         N/A       100%        3
 Dazzling Flash           Conj/Hex       0%         N/A       100%        3
 Mephitic Cloud           Conj/Alch/Air  0%         N/A       100%        3
 Sigil of Binding         Hex            0%         N/A       100%        3
 Dimensional Bullseye     Hex/Tloc       0%         N/A       100%        4
 Curse of Agony           Necr           0%         N/A       100%        5
 Silence                  Hex/Air        0%         N/A       100%        5
 Chain Lightning          Conj/Air       0%         N/A       100%        9
 Fire Storm               Conj/Fire      0%         5d1       100%        9
 Shatter                  Erth           0%         3d5*      100%        9

Inventory:

Hand Weapons
 a - a +0 long sword (weapon) {Yejun}
Missiles
 d - 3 throwing nets (quivered)
 e - a javelin
Armour
 b - a +0 leather armour
 c - a +1 helmet (worn)
 m - a +0 plate armour (worn)
   (You found it on level 1 of the Dungeon)
Jewellery
 j - an amulet of faith
   (You found it on level 2 of the Dungeon)
 q - a ring of flight
   (You found it on level 1 of the Dungeon)
Scrolls
 h - 3 scrolls of poison
 l - 2 scrolls of teleportation
Potions
 f - a potion of ambrosia {unknown}
 i - 3 potions of curing {unknown}
 k - a potion of resistance {unknown}
 o - 2 potions of brilliance {unknown}
 p - a potion of berserk rage {unknown}

Dungeon Overview and Level Annotations

Branches:
Dungeon (3/15) Zot: 16512

Altars:

........)...
..........#
.........# #........#
#.#........#
#.#........# #
#.#...†....###.
#.#.#...@l!......
#.#..............
#.#.#####..$.....
...##.....##.........
.........>...........
..####..............
#.....#.####........
#.###.#.<# #........
#....†# #.......<


You could see a frilled lizard.


Message History

Your Dodging skill increases to level 3!
Unknown command.
l - 3 scrolls labelled QIHU RINWAG (gained 1)
You now have 104 gold pieces (gained 8).
Key pressed, stopping explore.
Found a stone staircase leading up.
Done exploring.
Done exploring.
Done exploring.
Done exploring.
As you read the scroll labelled QIHU RINWAG, it crumbles to dust.
You feel strangely unstable.
It was a scroll of teleportation.
As you read the scroll labelled XIAG KICUPSYOSM, it crumbles to dust.
You feel momentarily disoriented.
It was a scroll of revelation.
Unknown command.
You start waiting.
Your surroundings suddenly seem different.
There is an open door here.
Things that are here:
a +0 dagger; a ball python skeleton
There is a stone staircase leading down here.
You climb downwards.
The hobgoblin shouts!
There is a stone staircase leading up here.
A hobgoblin is nearby!
A hobgoblin is nearby!
You hit the hobgoblin.
A giant cockroach comes into view.
The hobgoblin hits you but does no damage.
You slash the hobgoblin!
You kill the hobgoblin!
You hit the giant cockroach.
The giant cockroach bites you but does no damage.
The giant cockroach barely misses you.
You slash the giant cockroach!
You kill the giant cockroach!
You see here a giant cockroach corpse.
No target in view!
There is a stone staircase leading up here.
Found a stone staircase leading down.
There is a stone staircase leading down here.
A frilled lizard and a bombardier beetle come into view.
Found an escape hatch in the ceiling.
The frilled lizard hisses angrily.
There are monsters nearby!
You hit the bombardier beetle.
The bombardier beetle sprays incendiary fluid at you.
The burning spray misses you.
Unknown command.
You barely miss the bombardier beetle. You barely miss the bombardier beetle.
The bombardier beetle bites you but does no damage.
The frilled lizard completely misses you.
Unknown command.
You slash the bombardier beetle!
The bombardier beetle sprays incendiary fluid at you.
The burning spray hits you.
You are covered in liquid fire!
The frilled lizard bites you but does no damage.
You closely miss the bombardier beetle. The liquid fire burns you!
The frilled lizard bites you. 😕 HP[-6]
You take 6 damage, and now have 27/33 hp.
Unknown command.
You closely miss the bombardier beetle. The liquid fire burns you!
The bombardier beetle bites you.
The frilled lizard bites you but does no damage. 😮 HP[-4]
You take 4 damage, and now have 23/33 hp.
You barely miss the bombardier beetle. The liquid fire burns you!
The frilled lizard closely misses you.
The bombardier beetle bites you but does no damage. 😮 HP[-5]
You take 5 damage, and now have 18/33 hp.
Unknown command.
You barely miss the bombardier beetle. The liquid fire burns you!
* * * LOW HITPOINT WARNING * * *
The frilled lizard bites you but does no damage.
Unknown command. 😨 HP[-7]
You take 7 damage, and now have 11/33 hp.
MASSIVE DAMAGE!! (PAUSE)
You hit the bombardier beetle. The liquid fire burns you!
* * * LOW HITPOINT WARNING * * *
The frilled lizard bites you.
* * * LOW HITPOINT WARNING * * *
The bombardier beetle bites you but does no damage. 😱 HP[-5]
You take 5 damage, and now have 6/33 hp.
Unknown command.
You hit the bombardier beetle.
You kill the bombardier beetle!
The liquid fire burns you!
You die...

Skill      XL: |  1  2  3  4 |
---------------+-------------+-----
Long Blades    | 4 5 |  5.0
Dodging        | 3 |  3.0
Fighting       | |  2.0
Throwing       | |  1.7

Action                     |  1- 3 |  4- 6 || total
---------------------------+-------+-------++-------
  Melee: Long sword        |    82 |    46 ||   128
    Use: Scroll            |       |     7 ||     7
 Armour: Leather armour    |    58 |       ||    58
         Plate armour      |    10 |    36 ||    46
  Dodge: Dodged            |    77 |    12 ||    89

Levels and vault maps discovered:
D:1:      ebering_trefoil_twist, layout_basic
D:2:      layout_basic
D:3:      layout_basic

Notes
Turn   | Place    | Note
-------+----------+-------------------------------------------
     0 | D:1      | ytrimaz the Coglin Gladiator began the quest for the Orb.
     0 | D:1      | Reached XP level 1. HP: 16/16 MP: 1/1
     0 | D:1      | magus.rc [v1.9.6]
    11 | D:1      | You pick up a book of the Senses and begin reading...
    11 | D:1      | You add the spells Dazzling Flash, Mephitic Cloud, Curse of
                  | Agony and Silence to your library.
    37 | D:1      | Reached XP level 2. HP: 11/22 MP: 2/2
   161 | D:1      | Reached skill level 4 in Long Blades
   179 | D:1      | Reached XP level 3. HP: 25/27 MP: 3/3
   416 | D:1      | You pick up a book of Annihilations and begin reading...
   416 | D:1      | You add the spells Chain Lightning, Fire Storm and Shatter
                  | to your library.
   434 | D:1      | Reached XP level 4. HP: 30/33 MP: 4/4
   859 | D:2      | You pick up a book of the Hunter and begin reading...
   859 | D:2      | You add the spells Sigil of Binding, Call Canine Familiar
                  | and Dimensional Bullseye to your library.
   990 | D:2      | Reached skill level 5 in Long Blades
  1233 | D:2      | Reached skill level 3 in Dodging
  1397 | D:3      | HP: 7/33 [burnt (4)]
  1398 | D:3      | Incinerated by a bombardier beetle

Vanquished Creatures
  A bombardier beetle (D:3)
  A dart slug (D:1)
  9 ball pythons
  A bat (D:1)
  5 endoplasms
  2 giant cockroaches
  2 goblins (D:1)
  7 hobgoblins
  7 jackals (D:1)
  3 quokkas (D:1)
  8 kobolds
  2 rats (D:1)
48 creatures vanquished.

Table legend:
 A = Non-vault XP
 B = Vault XP
 C = Vault XP percentage of total XP
 D = Non-vault monster count
 E = Vault monster count
 F = Vault count percentage of total count
                 A         B        C        D         E       F
            +---------+---------+-------+---------+---------+-------
      Total |     188 |       0 |   0.0 |      48 |       0 |   0.0
            +---------+---------+-------+---------+---------+-------
        D:1 |      92 |       0 |   0.0 |      32 |       0 |   0.0
        D:2 |      35 |       0 |   0.0 |      13 |       0 |   0.0
        D:3 |      61 |       0 |   0.0 |       3 |       0 |   0.0
            +---------+---------+-------+---------+---------+-------

Skill      XL: |  1  2  3  4 |
---------------+-------------+-----
Long Blades    | 4 5 |  5.0
Dodging        | 3 |  3.0
Fighting       | |  2.0
Throwing       | |  1.7

Action                     |  1- 3 |  4- 6 || total
---------------------------+-------+-------++-------
  Melee: Long sword        |    82 |    46 ||   128
    Use: Scroll            |       |     7 ||     7
 Armour: Leather armour    |    58 |       ||    58
         Plate armour      |    10 |    36 ||    46
  Dodge: Dodged            |    77 |    12 ||    89

Illustrated notes

Table legend:
 A = Kills in this place as a percentage of kills in the entire game.
 B = Kills by you in this place as a percentage of kills by you in the entire game.
 C = Kills by friends in this place as a percentage of kills by friends in the entire game.
 D = Other kills in this place as a percentage of other kills in the entire game.
 E = Experience gained in this place as a percentage of experience gained in the entire game.
 F = Experience gained in this place divided by the number of levels of this place that you have seen.
                   A       B       C       D       E      F
               +-------+-------+-------+-------+-------+----------------------
         Total | 100.0 | 100.0 |   N/A |   N/A | 100.0 |  62.7
       Dungeon | 100.0 | 100.0 |   N/A |   N/A | 100.0 |  62.7
               +-------+-------+-------+-------+-------+----------------------

Table legend: (Time is in decaauts)
 A = Elapsed time spent in this place.
 B = Non-inter-level travel time spent in this place.
 C = Inter-level travel time spent in this place.
 D = Time resting spent in this place.
 E = Time spent auto-exploring this place.
 F = Levels seen in this place.
 G = Mean time per level.
                   A        B        C        D        E       F      G
               +--------+--------+--------+--------+--------+-----+--------+
         Total |   1487 |   1396 |     91 |    114 |    907 |   3 |  495.7 |
       Dungeon |   1487 |   1396 |     91 |    114 |    907 |   3 |  495.7 |
               +--------+--------+--------+--------+--------+-----+--------+

Top non-repeatable levels by time:
     D:1: 839 daAuts
     D:2: 612 daAuts
     D:3: 35 daAuts
